 Dungeon Crawl Stone Soup version 0.28.0-1-gb440e238dd (webtiles) character file.

Game seed: 6683701586802574130

58 Gorgormcgor the Firebug (level 4, -3/33 HPs)
             Began as a Hill Orc Fire Elementalist on Feb 25, 2022.
             Was a Believer of Ru.
             Succumbed to Crazy Yiuf's poison
             ... on level 2 of the Dungeon.
             The game lasted 00:10:21 (2175 turns).

Gorgormcgor the Firebug (HOFE)                      Turns: 2175, Time: 00:10:21

Health: -3/33      AC:  2    Str:  7 (10) XL:     4   Next: 1%
Magic:  0/7        EV: 12    Int: 15 (17) God:    Ru [**....]
Gold:   70         SH:  0    Dex:  9 (11) Spells: 4/7 levels left

rFire   . . .      SeeInvis .   f - +0 dagger
rCold   . . .      Faith    .   (no shield)
rNeg    . . .      Spirit   .   a - +0 robe
rPois   .          Reflect  .   (no helmet)
rElec   .          Harm     .   (no cloak)
rCorr   .          Rampage  .   (no gloves)
Will    .....                   (no boots)
Stlth   ++........              (no amulet)
HPRegen 0.11/turn               (no ring)
MPRegen 0.10/turn               (no ring)

@: lethally poisoned (-3 -> -27), very slightly contaminated
A: inability to use devices
a: Renounce Religion


You were on level 2 of the Dungeon.
You worshipped Ru.
Ru was pleased with you.
You visited 1 branch of the dungeon, and saw 2 of its levels.

You collected 70 gold pieces.

Inventory:

Hand Weapons
 f - a +0 dagger (weapon)
Armour
 a - a +0 robe (worn)
Scrolls
 b - a scroll of magic mapping {unknown}
 c - a scroll of vulnerability {unknown}
 d - 5 scrolls of identify {unknown}
 i - a scroll of teleportation {unknown}
Potions
 g - a potion of mutation {unknown}
 h - a potion of curing {unknown}


   Skills:
 + Level 0.1 Fighting
 + Level 0.2 Armour
 + Level 2.0 Dodging
 - Level 2.0 Stealth
 + Level 2.0 Spellcasting
 + Level 1.6 Conjurations
 + Level 3.7 Fire Magic


You had 4 spell levels left.
You knew the following spells:

 Your Spells              Type           Power      Damage    Failure   Level
a - Foxfire               Conj/Fire      36%        2x1d5     8%          1
b - Scorch                Fire           24%        2d6       7%          2

Your spell library contained the following spells:

 Spells                   Type           Power      Damage    Failure   Level
 Conjure Flame            Conj/Fire      9%         6-21      22%         3
 Inner Flame              Hex/Fire       7%         N/A       30%         3
 Flame Wave               Conj/Fire      9%         2d5       58%         4
 Iskenderun's Mystic Bla  Conj/Tloc      4%         2d3       83%         4
 Ice Form                 Ice/Tmut       1%         N/A       91%         4


Dungeon Overview and Level Annotations

Branches:
Dungeon (2/15)

Altars:
Ru

Annotations:
D:2 Crazy Yiuf


Innate Abilities, Weirdness & Mutations

You cannot study or use magical devices.


Message History

The foxfire hits the hobgoblin but does no damage.
The foxfire hits the hobgoblin.
You kill the hobgoblin!
You have reached level 4!
Found a mace.
Found a runed translucent door.
Crazy Yiuf shouts!
Things that are here:
a +0 short sword; a stone You open the door.
Crazy Yiuf shouts!
Crazy Yiuf laughs, "Fire down poople!"
Casting: Foxfire (safe; 6% risk of failure)
Confirm with . or Enter, or press ? or * to list all spells.
You miscast Scorch.
You are very lightly contaminated with residual magic.
Nothing appears to happen.
Casting: Scorch (safe; 6% risk of failure)
Confirm with . or Enter, or press ? or * to list all spells.
Flames lash Crazy Yiuf.
Crazy Yiuf is heavily wounded.
Crazy Yiuf's fire resistance burns away.
Crazy Yiuf hits you with a +4 quarterstaff of chaos!
You are poisoned.
Casting: Scorch (safe; 6% risk of failure)
Confirm with . or Enter, or press ? or * to list all spells.
Flames lash Crazy Yiuf.
Crazy Yiuf is burned terribly!
Crazy Yiuf is severely wounded.
You feel very sick. Crazy Yiuf completely misses you.
Casting: Scorch (safe; 6% risk of failure)
Confirm with . or Enter, or press ? or * to list all spells.
You conjure some foxfire!
You feel very sick.
Crazy Yiuf hits you with a +4 quarterstaff of chaos!
* * * LOW HITPOINT WARNING * * *
You are more poisoned.
It was a potion of degeneration.
There was something very wrong with that liquid.
You feel weakened.
You feel dopey.
You feel clumsy.
You die...

.......#.#
#..........#.#.#
.#####.#.#
#[.......).#...#
.#..<#.#.#
#############..#
.#..†....# #..#
.#.......# #..#
.#.......#
♣♣♣♣♣##..#
.##......# ###
♣♣♣.♣......#
.........#
#...#♣v.♣......>#
###......#
#...g@♣♣♣♣......#
.........#
#)..#♣♣ ♣♣.....#
###......# ###
♣♣###.# #......#
#.# #......# #.#
######## ### #.#
#.#######.#
#.........#
###########


You could see Crazy Yiuf (combustible, ally target).

Vanquished Creatures
  A gnoll (D:1)
  2 worms (D:2)
  A dart slug (D:2)
  A ball python (D:2)
  5 bats
  2 endoplasms (D:1)
  7 goblins
  2 hobgoblins (D:2)
  4 kobolds
  3 quokkas
  3 frilled lizards (D:1)
  5 rats
36 creatures vanquished.

Vanquished Creatures (others)
  106 foxfires
106 creatures vanquished.

Grand Total: 142 creatures vanquished

Notes
Turn   | Place    | Note
-------+----------+-------------------------------------------
     0 | D:1      | Gorgormcgor the Hill Orc Fire Elementalist began the quest
                  | for the Orb.
     0 | D:1      | Reached XP level 1. HP: 14/14 MP: 3/3
   171 | D:1      | Reached XP level 2. HP: 20/20 MP: 0/4
   793 | D:1      | Found a faded altar of an unknown god.
   801 | D:1      | Prayed at the altar of an unknown god.
   801 | D:1      | Became a worshipper of Ru the Awakened
   814 | D:1      | Gained mutation: You cannot study or use magical devices.
                  | [Ru sacrifice]
   814 | D:1      | Reached * piety under Ru
   814 | D:1      | Reached ** piety under Ru
   861 | D:1      | Reached XP level 3. HP: 26/26 MP: 0/5
   864 | D:1      | Learned a level 2 spell: Scorch
  1764 | D:2      | Got the Guide on Glacial Translocation
  1958 | D:2      | Reached XP level 4. HP: 33/33 MP: 5/7
  2009 | D:2      | Found a runed translucent door.
  2010 | D:2      | Noticed Crazy Yiuf
  2175 | D:2      | Succumbed to Crazy Yiuf's poison

Illustrated notes

Levels and vault maps discovered:
D:1:      lightli_arrival_maybe_door_vault, layout_rooms,
          shapermc_ecumenical_altar_venn, minmay_tetromino_o4
D:2:      layout_basic, uniq_crazy_yiuf_cottage

Skill      XL: |  1  2  3 |
---------------+----------+-----
Stealth        | 2 |  2.0
Dodging        | 2 |  2.0
Spellcasting   | 2 |  2.0
Fighting       | |  0.1
Armour         | |  0.2
Conjurations   | |  1.6
Fire Magic     | |  3.7

Action                   |  1- 3 |  4- 6 || total
-------------------------+-------+-------++-------
Melee: Unarmed           |    12 |       ||    12
       Dagger            |    19 |       ||    19
 Cast: Foxfire           |    66 |     1 ||    67
       Scorch            |     2 |     2 ||     4
Invok: Sacrifice Artific |     1 |       ||     1
  Use: Potion            |       |     1 ||     1
 Stab: Sleeping          |     1 |       ||     1
Armor: Robe              |     7 |       ||     7
Dodge: Dodged            |    20 |     1 ||    21
